 Dungeon Crawl Stone Soup version 0.21.1-1-g345015f (webtiles) character file.

49 Scud the Cutter (level 4, -3/29 HPs)
             Began as a Halfling Warper on Feb 6, 2018.
             Slain by Sigmund
             ... wielding a +0 scythe
              (7 damage)
             ... on level 2 of the Dungeon.
             The game lasted 00:06:01 (1182 turns).

Scud the Cutter (Halfling Warper)                   Turns: 1182, Time: 00:06:01

Health: -3/29      AC:  3    Str: 12    XL:     4   Next: 2%
Magic:  6/6        EV: 15    Int: 11    God:
Gold:   41         SH:  0    Dex: 14    Spells: 4/6 levels left

rFire    . . .     SeeInvis .   a - +0 short sword
rCold    . . .     Gourm    .   (shield restricted)
rNeg     . . .     Faith    .   b - +0 leather armour
rPois    .         Spirit   .   (no helmet)
rElec    .         Reflect  .   (no cloak)
rCorr    .         Harm     .   (no gloves)
MR       .....                  (no boots)
Stlth    +.........             (no amulet)
HPRegen  0.09/turn              (no ring)
MPRegen  0.10/turn              (no ring)

@: no status effects
A: small, mutation resistance 1
a: no special abilities


You were on level 2 of the Dungeon.
You were not hungry.

You visited 1 branch of the dungeon, and saw 2 of its levels.

You collected 41 gold pieces.

Inventory:

Hand Weapons
 a - a +0 short sword (weapon)
Missiles
 e - 2 tomahawks of dispersal (quivered)
Armour
 b - a +0 leather armour (worn)
Jewellery
 j - an uncursed ring of stealth {unknown}
Scrolls
 d - a scroll of blinking
 k - a scroll of noise {unknown}
 l - a scroll of enchant weapon {unknown}
 m - a scroll of fog {unknown}
 n - a scroll of identify {unknown}
 p - a scroll of teleportation {unknown}
 r - a scroll of amnesia {unknown}
 s - a scroll of remove curse {unknown}
Potions
 g - a potion of degeneration {unknown}
 h - a potion of curing {unknown}
 i - a potion of agility {unknown}
 o - 2 potions of heal wounds {unknown}
 q - a potion of flight {unknown}
 t - a potion of brilliance {unknown}
 u - a potion of ambrosia {unknown}
Books
 c - a book of Spatial Translocations

   Spells                             Type                      Level
   a - Blink                          Translocation                2
   b - Shroud of Golubria             Charms/Translocation         2
   c - Lesser Beckoning               Translocation                3
   d - Gell's Gravitas                Translocation                3
   e - Teleport Other                 Translocation                3
   f - Passage of Golubria            Translocation                4
Comestibles
 f - a ration


   Skills:
 + Level 1.8 Fighting
 + Level 3.7 Short Blades
 + Level 1.0 Throwing
 + Level 1.4 Armour
 + Level 2.9 Dodging
 + Level 1.8 Spellcasting
 + Level 3.3 Translocations


You had 4 spell levels left.
You knew the following spells:

 Your Spells              Type           Power        Failure   Level  Hunger
a - Blink                 Tloc           N/A          14%         2    ###....


Dungeon Overview and Level Annotations

Branches:
Dungeon (2/15)

Altars:

Annotations:
D:2 Sigmund


Innate Abilities, Weirdness & Mutations

You are small and have problems with some larger weapons.
You are somewhat resistant to further mutation.


Message History

All of the chunks of flesh in your inventory have rotted away.
HP restored.
Found an escape hatch in the floor.
Sigmund the Dreaded comes into view.
He is wielding a scythe.
Found 14 gold pieces.
Sigmund shouts!
Sigmund drinks a potion.
Sigmund flickers and vanishes!
Deactivating autopickup; reactivate with Ctrl-A.
Something hits you! Something hits you.
You hit something. You closely miss something. Something barely misses you.
You closely miss something. You miss something. Something hits you.
* * * LOW HITPOINT WARNING * * *
You hit something. Something hits you.
* * * LOW HITPOINT WARNING * * *
You barely miss something. Something hits you!
You die...

##....... ..
$.............
#.............
#.>...#...#.. ..
#...8...8... ...
###.....#...# ....
#......###.###....#
#####.#.....#...#.....#
......{.@.8...8...8..#
#.##..#.....#...#....####
#. #..#.###.###......#
#........#...#....##..
###.#.8...8...8.#.#.#
#.#...........##...
..###...###.#.#.#.# ####
##.## #.##....# #.
#........


There were no monsters in sight!

Vanquished Creatures
  3 gnolls
  A dart slug (D:1)
  A giant cockroach (D:1)
  2 goblins (D:1)
  2 hobgoblins (D:1)
  2 jackals (D:2)
  4 bats (D:1)
  A frilled lizard (D:1)
  2 kobolds (D:1)
  2 rats (D:1)
20 creatures vanquished.

Notes
Turn   | Place    | Note
-------+----------+-------------------------------------------
     0 | D:1      | Scud the Halfling Warper began the quest for the Orb.
     0 | D:1      | Reached XP level 1. HP: 14/14 MP: 3/3
   182 | D:1      | Reached XP level 2. HP: 17/19 MP: 4/4
   186 | D:1      | Learned a level 2 spell: Blink
   529 | D:1      | Reached XP level 3. HP: 18/24 MP: 5/5
   906 | D:2      | Reached XP level 4. HP: 8/29 MP: 6/6
  1170 | D:2      | Noticed Sigmund
  1182 | D:2      | Slain by Sigmund

Skill      XL: |  1  2 |
---------------+-------+-----
Short Blades   | 3 |  3.7
Fighting       | |  1.8
Throwing       | |  1.0
Armour         | |  1.4
Dodging        | |  2.9
Spellcasting   | |  1.8
Translocations | |  3.3

Action                   |  1- 3 |  4- 6 || total
-------------------------+-------+-------++-------
Melee: Short sword       |    94 |     9 ||   103
Throw: Tomahawk          |     3 |       ||     3
 Cast: Blink             |     3 |       ||     3
  Eat: Chunk             |       |     1 ||     1
Armor: Leather armour    |    19 |     1 ||    20
Dodge: Dodged            |    87 |     3 ||    90
